 Dungeon Crawl Stone Soup version 0.29.0-4-gdea44cf6ec (webtiles) character file.

Game seed: 1400280539034192771

22 qw the Chopper (level 2, -2/17 HPs)
             Began as a Tengu Warper on Aug 28, 2022.
             Slain by a gnoll
             ... wielding a +0 whip
              (4 damage)
             ... on level 2 of the Dungeon.
             The game lasted 00:00:05 (1092 turns).

qw the Chopper (Tengu Warper)                       Turns: 1092, Time: 00:00:05

Health: -2/17      AC:  3    Str: 11    XL:     2   Next: 91%
Magic:  6/6        EV: 11    Int: 13    God:
Gold:   36         SH:  0    Dex: 13    Spells: 5/5 levels left

rFire   . . .      SeeInvis .   a - +0 hand axe
rCold   . . .      Faith    .   (no shield)
rNeg    . . .      Spirit   .   b - +0 leather armour
rPois   .          Reflect  .   (helmet restricted)
rElec   .          Harm     .   (no cloak)
rCorr   .          Rampage  .   (no gloves)
Will    .....                   (boots unavailable)
Stlth   +.........              (no amulet)
HPRegen 0.05/turn               (no ring)
MPRegen 0.10/turn               (no ring)

@: no status effects
A: beak, talons 3
a: no special abilities


You were on level 2 of the Dungeon.
You visited 1 branch of the dungeon, and saw 2 of its levels.

You collected 36 gold pieces.


Innate Abilities, Weirdness & Mutations

You have a beak for a mouth.
You have claws for feet.


   Skills:
 - Level 2.0 Fighting
 + Level 3.6 Axes
 - Level 1.0 Throwing
 - Level 1.1 Armour
 - Level 2.1 Dodging
 - Level 2.0 Spellcasting
 - Level 2.4 Translocations


You had 5 spell levels left.
You didn't know any spells.
Your spell library contained the following spells:

 Spells                   Type           Power      Damage    Failure   Level
 Blink                    Tloc           14%        N/A       19%         2
 Gell's Gravitas          Tloc           7%         N/A       36%         3
 Lesser Beckoning         Tloc           7%         N/A       36%         3
 Teleport Other           Tloc           7%         N/A       36%         3
 Manifold Assault         Tloc           7%         N/A       98%         5

Inventory:

Hand Weapons
 a - a +0 hand axe (weapon)
 e - a +0 mace
Armour
 b - a +0 leather armour (worn)
Potions
 d - a potion of ambrosia {unknown}
 f - a potion of magic {unknown}

Dungeon Overview and Level Annotations

Branches:
Dungeon (2/15)

Altars:


Message History

Found a knobbly wooden ring and 2 smoky orange potions.
There is a stone staircase leading up here.
A ball python is nearby!
Existing waypoints: (2) D:1 Assign waypoint to what number? (0-9, D - delete waypoint) Waypoint 1 assigned to D:2.
Enter note: You slash the ball python!
You kill the ball python!
You see here a ball python corpse.
A gnoll comes into view. It is wielding a +0 whip.
The gnoll shouts!
You hear a shout!
A gnoll comes into view. It is wielding a +0 whip.
A gnoll comes into view. It is wielding a +0 whip.
The gnoll shouts!
You hit the gnoll.
The gnoll is moderately wounded.
The gnoll closely misses you.
You closely miss the gnoll. Your kick misses the gnoll.
The gnoll is moderately wounded.
The gnoll misses you.
You barely miss the gnoll.
The gnoll is moderately wounded.
The gnoll hits you with a +0 whip!
Ouch! That really hurt!
You barely miss the gnoll. Your peck misses the gnoll.
Your punch misses the gnoll.
The gnoll is moderately wounded.
A gnoll comes into view. It is wielding a +0 spear.
The gnoll hits you with a +0 whip!
1091 ||| Stepping ~*~*~tactically~*~*~ (hiding).
The gnoll attacks as you move away! The gnoll barely misses you.
An adder and a rat come into view.
Found 11 gold pieces and a club.
You barely miss the gnoll. Your peck misses the gnoll.
The gnoll is moderately wounded.
You hit the gnoll. The gnoll hits you with a +0 whip.
You die...

###. #g#
#...###.#
#.....#.#
##.#.#.#.#
#......#.#
#..#.#.#<#
......g.%##
####=gg..#$.)
#..@........
#............
S................
.................
..##.......!.....
. #.............
....r........
.............


You could see 3 gnolls, an adder (asleep) and a rat.

Vanquished Creatures
  3 ball pythons
  2 bats (D:1)
  An endoplasm (D:1)
  2 giant cockroaches (D:1)
  3 hobgoblins (D:1)
  2 jackals (D:1)
  A quokka (D:1)
  2 frilled lizards (D:1)
  2 kobolds (D:1)
  A rat (D:1)
19 creatures vanquished.

Vanquished Creatures (others)
  A fungus (D:2)
1 creature vanquished.

Grand Total: 20 creatures vanquished

Notes
Turn   | Place    | Note
-------+----------+-------------------------------------------
     0 | D:1      | qw the Tengu Warper began the quest for the Orb.
     0 | D:1      | Reached XP level 1. HP: 12/12 MP: 4/4
     0 | D:1      | 0 ||| qw: Version: 0.1-a-89-g26bdef1
     0 | D:1      | 0 ||| qw: Game counter: 1880
     0 | D:1      | 0 ||| qw: Always use a shield: true
     0 | D:1      | 0 ||| qw: God list: Okawaru
     0 | D:1      | 0 ||| qw: Allow faded altars: false
     0 | D:1      | 0 ||| qw: Do Orc after D:15 true
     0 | D:1      | 0 ||| qw: Do second Lair branch before Depths: true
     0 | D:1      | 0 ||| qw: Lair rune preference: random
     0 | D:1      | 0 ||| qw: Plans: Normal
     0 | D:1      | 0 ||| PLANNING D:1-11
   110 | D:1      | Reached XP level 2. HP: 17/17 MP: 6/6
   122 | D:1      | 122 ||| Stepping ~*~*~tactically~*~*~ (stealth).
   123 | D:1      | 123 ||| Stepping ~*~*~tactically~*~*~ (stealth).
   130 | D:1      | Reached skill level 3 in Axes
   862 | D:1      | 862 ||| Stepping ~*~*~tactically~*~*~ (stealth).
  1047 | D:1      | 1047 ||| DROPPING scroll of blinking.
  1090 | D:2      | HP: 2/17 [gnoll/+0 whip (7)]
  1091 | D:2      | 1091 ||| Stepping ~*~*~tactically~*~*~ (hiding).
  1092 | D:2      | Slain by a gnoll

Levels and vault maps discovered:
D:1:      dpeg_arrival_yet_another_circle, layout_basic
D:2:      layout_rooms, serial_glass, glass_columns_b, glass_columns_a,
          shapermc_ecumenical_altar_rom_forum, basic_altar, minmay_statues_item

Skill      XL: |  1  2 |
---------------+-------+-----
Axes           | 3 |  3.6
Fighting       | |  2.0
Throwing       | |  1.0
Armour         | |  1.1
Dodging        | |  2.1
Spellcasting   | |  2.0
Translocations | |  2.4

Action                   || total
-------------------------++-------
Melee: Hand axe          ||    47
       Kick              ||    14
       Peck              ||     4
       Punch             ||     1
Throw: Boomerang         ||     7
Armor: Leather armour    ||    11
Dodge: Dodged            ||    20

Table legend:
 A = Non-vault XP
 B = Vault XP
 C = Vault XP percentage of total XP
 D = Non-vault monster count
 E = Vault monster count
 F = Vault count percentage of total count
                 A         B        C        D         E       F
            +---------+---------+-------+---------+---------+-------
      Total |      32 |       0 |   0.0 |      19 |       0 |   0.0
            +---------+---------+-------+---------+---------+-------
        D:1 |      31 |       0 |   0.0 |      18 |       0 |   0.0
        D:2 |       1 |       0 |   0.0 |       1 |       0 |   0.0
            +---------+---------+-------+---------+---------+-------
